 Dungeon Crawl Stone Soup version 0.29-a0-997-gf6f7e2dfe7 (webtiles) character file.

Game seed: 142171081666091194

2009 nicolae the Transmogrifier (level 9, -1/79 HPs)
             Began as an Octopode Transmuter on Aug 4, 2022.
             Was an Initiate of Gozag.
             Killed from afar by a steam dragon (19 damage)
             ... with a ball of steam
             ... on level 7 of the Dungeon.
             The game lasted 00:15:15 (10789 turns).

nicolae the Transmogrifier (Octopode Transmuter)   Turns: 10789, Time: 00:15:16

Health: -1/79      AC: 32    Str:  9      XL:     9   Next: 22%
Magic:  10/12      EV:  2    Int: 18 (19) God:    Gozag
Gold:   659        SH:  0    Dex: 13      Spells: 2/12 levels left

rFire   . . .      SeeInvis .     - Unarmed
rCold   . . .      Faith    .   (no shield)
rNeg    . . .      Spirit   .   (helmet currently unavailable)
rPois   +          Reflect  .   (no amulet)
rElec   .          Harm     .   m - +4 ring of protection
rCorr   +          Rampage  .   n - ring of flight
Will    .....      NoTele   +   f - +4 ring of protection
Stlth   +.........              A - ring of resist corrosion
HPRegen 0.23/turn               (no ring)
MPRegen 0.13/turn               (no ring)
                                (no ring)
                                (no ring)

@: tree-form
A: stationary, stasis, torment immunity, boosted hp, almost no armour,
(amphibious), 8 rings, (camouflage 1), (gelatinous body 1), (nimble swimmer 1),
(tentacles)
a: Renounce Religion, Potion Petition, Call Merchant, Bribe Branch


You were on level 7 of the Dungeon.
You worshipped Gozag.
Gozag was pleased with you.
You were a tree.
You visited 2 branches of the dungeon, and saw 8 of its levels.

You collected 693 gold pieces.
You paid 34 gold pieces to Gozag.

Inventory:

Hand Weapons
 d - a +0 flail
Missiles
 i - 6 poisoned darts
 k - 2 silver boomerangs
 l - 4 boomerangs of dispersal
 o - 5 curare-tipped darts
Jewellery
 f - a +4 ring of protection (on tentacle)
 m - a +4 ring of protection (left branch)
 n - a ring of flight (right branch)
 A - a ring of resist corrosion (on tentacle)
Wands
 y - a wand of iceblast (1)
Scrolls
 a - a scroll of torment
 b - a scroll of poison
 c - 2 scrolls of magic mapping
 e - a scroll of blinking
 h - 2 scrolls of butterflies
 j - a scroll of vulnerability {unknown}
 p - 3 scrolls of silence
 q - a scroll of fear
 s - a scroll of amnesia
 t - 2 scrolls of teleportation
 v - a scroll of noise {unknown}
 x - a scroll of enchant weapon {unknown}
 z - a scroll of acquirement {unknown}
Potions
 g - a potion of mutation
 r - a potion of lignification
 u - a potion of invisibility {unknown}
 B - a potion of attraction {unknown}
 C - a potion of might {unknown}


   Skills:
 - Level 1.0 Fighting
 - Level 2.0 Dodging
 - Level 5.6 Unarmed Combat
 - Level 2.0 Spellcasting
 - Level 8.0 Transmutations
 + Level 6.0 Ice Magic
 - Level 5.0 Poison Magic


You had 2 spell levels left.
You knew the following spells:

 Your Spells              Type           Power      Damage    Failure   Level
a - Beastly Appendage     Tmut           60%        N/A       1%          1
b - Wereblood             Tmut           30%        N/A       1%          2
c - Spider Form           Tmut/Pois      25%        N/A       3%          3
d - Ice Form              Ice/Tmut       27%        N/A       10%         4

Your spell library contained the following spells:

 Spells                   Type           Power      Damage    Failure   Level
 Blink                    Tloc           2%         N/A       26%         2
 Manifold Assault         Tloc           1%         N/A       99%         5
 Storm Form               Tmut/Air       8%         N/A       100%        7


Dungeon Overview and Level Annotations

Branches:
Dungeon (7/15)             Temple (1/1) D:4

Altars:
Dithmenos
Gozag
Hepliaklqana
Uskayaw
Vehumet
The Shining One

Annotations:
D:2 1 runed translucent door, Crazy Yiuf
D:5 2 transporters, IdlyInterested's ghost, novice DsFi


Innate Abilities, Weirdness & Mutations

You are a tree.
Your roots penetrate the ground, keeping you stationary.
You cannot be teleported.
You are immune to unholy pain and torment.
Your maximum health is greatly increased.
You cannot wear most types of armour.
((You are amphibious.))
You can wear up to eight rings at the same time.
((Your skin changes colour to match your surroundings (Stealth+).))
((Your rubbery body absorbs attacks. (AC +1, EV +1)))
((You are camouflaged when in or above water. (Stealth+)))
((You have tentacles for arms and can constrict up to eight enemies at once.))


Message History

You feel better. The steam dragon bites you.
* * * LOW HITPOINT WARNING * * *
The steam dragon claws you.
* * * LOW HITPOINT WARNING * * *
Really quaff the potion of lignification?
Your transformation has ended.
You turn into a tree.
Your roots penetrate the ground.
The steam dragon bites you but does no damage.
The steam dragon claws you but does no damage.
You hit the steam dragon but do no damage.
You punch the steam dragon, but do no damage.
The steam dragon is lightly wounded.
The steam dragon completely misses you.
The steam dragon claws you but does no damage.
You hit the steam dragon.
The steam dragon is lightly wounded.
The steam dragon breathes steam at you.
The ball of steam hits you but does no damage.
You smack the steam dragon!
The steam dragon is heavily wounded.
You are engulfed in a cloud of scalding steam.
The steam dragon bites you but does no damage.
The steam dragon claws you but does no damage.
You hit the steam dragon but do no damage.
The steam dragon is heavily wounded.
You hit the steam dragon but do no damage.
The steam dragon is heavily wounded.
You are engulfed in a cloud of scalding steam.
The steam dragon bites you but does no damage.
The steam dragon claws you but does no damage.
You barely miss the steam dragon.
The steam dragon is heavily wounded.
The steam dragon bites you but does no damage.
The steam dragon claws you but does no damage.
You hit the steam dragon. Your punch misses the steam dragon.
The steam dragon is severely wounded.
The steam dragon breathes steam at you. The ball of steam hits you!!
You die...
Your body crumbles into a pile of gold.

#.##.##+# #.##.#
... #.##.#...
#.##.#...
#.##.##.#
#.##.##.#
#.##.##.####.#
#.##.#.......#
#.##.#♣D#
####.##.#..#
#....##.#..##
#.##.##.#...###
#.#...........#
#.....§.......#
#....≈≈§§≈≈§..#
#.#..≈§§≈≈≈≈....
#.#..≈≈..........
$


You could see a steam dragon (catching breath).

Vanquished Creatures
  A hornet (D:6)
  2 black bears
  2 ice beasts
  An ogre (D:6)
  A centaur (D:6)
  2 phantoms (D:6)
  A bullfrog (D:6)
  5 killer bees (D:5)
  7 orc priests
  3 hounds
  2 jellies
  5 iguanas
  Jessica (D:2)
  2 orc wizards
  Natasha (thrice) (D:4)
  7 adders
  4 shadow imps
  2 ufetubi
  3 worms
  A dart slug (D:3)
  16 orcs
  5 ball pythons
  10 endoplasms
  3 giant cockroaches
  8 goblins
  10 hobgoblins
  4 jackals (D:4)
  8 kobolds
  2 quokkas
  2 bats
  4 frilled lizards
  A goblin skeleton (D:5)
  A goblin zombie (D:5)
  4 hobgoblin zombies (D:5)
  A kobold skeleton (D:5)
  3 kobold zombies (D:5)
  An orc skeleton (D:5)
  5 rats
143 creatures vanquished.

Notes
Turn   | Place    | Note
-------+----------+-------------------------------------------
     0 | D:1      | nicolae the Octopode Transmuter began the quest for the
                  | Orb.
     0 | D:1      | Reached XP level 1. HP: 13/13 MP: 3/3
   218 | D:1      | Reached XP level 2. HP: 6/18 MP: 3/5
   513 | D:1      | Learned a level 2 spell: Wereblood
   781 | D:1      | Reached skill level 3 in Transmutations
  1037 | D:1      | Found a faded altar of an unknown god.
  1281 | D:2      | Reached XP level 3. HP: 23/23 MP: 4/6
  1345 | D:2      | Learned a level 3 spell: Spider Form
  1725 | D:2      | Reached skill level 4 in Transmutations
  2033 | D:2      | Reached XP level 4. HP: 19/28 MP: 5/7
  2156 | D:2      | Identified the +4 ring mail of Gluttony {rPois SInv}
  2331 | D:2      | Noticed Jessica
  2344 | D:2      | Killed Jessica
  3045 | D:2      | Found a runed translucent door.
  3046 | D:2      | Noticed Crazy Yiuf
  3556 | D:3      | Reached skill level 5 in Transmutations
  3556 | D:3      | Reached XP level 5. HP: 30/33 MP: 6/8
  3618 | D:3      | Reached skill level 1 in Poison Magic
  3969 | D:3      | Found a shadowy altar of Dithmenos.
  4256 | D:4      | Noticed Natasha
  4261 | D:4      | HP: 1/33 [shadow imp/nerve-wracking pain[Natasha] (14)]
  4267 | D:4      | Killed Natasha
  4605 | D:4      | Reached XP level 6. HP: 32/38 MP: 9/9
  4661 | D:4      | Found an opulent altar of Gozag.
  4675 | D:4      | Became a worshipper of Gozag Ym Sagoz the Greedy
  5010 | D:4      | Found a staircase to the Ecumenical Temple.
  5164 | Temple   | Entered the Ecumenical Temple
  5317 | D:4      | Noticed a black bear
  5317 | D:4      | Noticed Natasha
  5321 | D:4      | Killed Natasha
  5322 | D:4      | Reached skill level 5 in Poison Magic
  5508 | D:4      | Noticed Natasha
  5515 | D:4      | Killed Natasha
  6067 | D:5      | Entered Level 5 of the Dungeon
  6086 | D:5      | Reached XP level 7. HP: 43/43 MP: 5/10
  6783 | D:5      | Reached skill level 5 in Unarmed Combat
  7224 | D:5      | Learned a level 4 spell: Ice Form
  7268 | D:5      | Reached skill level 1 in Ice Magic
  7559 | D:5      | Noticed a small abomination
  7560 | D:5      | Found a transporter.
  7571 | D:5      | Found a transporter.
  7637 | D:5      | Found a glowing golden altar of the Shining One.
  7730 | D:5      | Found a hazy altar of Hepliaklqana.
  7790 | D:5      | Noticed IdlyInterested's ghost (novice DsFi)
  7809 | D:5      | Reached XP level 8. HP: 37/48 MP: 3/11
  8517 | D:6      | Reached skill level 5 in Ice Magic
  9047 | D:6      | Reached skill level 6 in Transmutations
  9844 | D:6      | Found a hide-covered altar of Uskayaw.
  9884 | D:6      | Noticed a hornet
  9889 | D:6      | Killed a hornet
  9890 | D:6      | Reached skill level 7 in Transmutations
  9890 | D:6      | Reached XP level 9. HP: 53/53 MP: 7/12
 10217 | D:6      | Reached skill level 8 in Transmutations
 10696 | D:7      | Found a radiant altar of Vehumet.
 10789 | D:7      | Killed from afar by a steam dragon

Illustrated notes

Levels and vault maps discovered:
D:1:      amcnicky_arrival_feature_with_door, layout_basic,
          hellmonk_ecumenical_altar_blasted
D:2:      layout_loops_cross, uniq_crazy_yiuf_cottage, uniq_jessica
D:3:      layout_basic, nicolae_overflow_hidden_temple
D:4:      nicolae_cairo_tiling, layout_loops_cross,
          nicolae_gozag_cash_rules_everything_around_me,
          minmay_temple_entry_junction, uniq_natasha
D:5:      layout_loops_ring, nicolae_tso_besieged_by_evil,
          mainiacjoe_overflow_alcove_4, gammafunk_ghost_abyssal_escape
D:6:      layout_gridville, general_overflow_altar
D:7:      layout_basic, mainiacjoe_overflow_chevrons, ebering_ghost_inner_flame,
          nicolae_elemental_shop, hangedman_decor_clover_reticule,
          kennysheep_generic_room_6, uniq_pikel
Temple:   minmay_temple_bridge_d

Skill      XL: |  1  2  3  4  5  6  7  8  9 |
---------------+----------------------------+-----
Transmutations | 3 4 5 7 8 |  8.0
Poison Magic   | 3 5 |  5.0
Unarmed Combat | 4 5 |  5.6
Ice Magic      | 3 5 6 |  6.0
Fighting       | |  1.0
Dodging        | |  2.0
Spellcasting   | |  2.0

Action                   |  1- 3 |  4- 6 |  7- 9 || total
-------------------------+-------+-------+-------++-------
Melee: Unarmed           |    70 |   169 |   197 ||   436
       Tentacles         |     9 |    26 |    10 ||    45
       Kick              |    16 |    49 |    15 ||    80
       Constrict         |    12 |    42 |    16 ||    70
       Punch             |     4 |     4 |     3 ||    11
Throw: Dart              |       |       |     4 ||     4
 Cast: Beastly Appendage |    20 |    25 |     7 ||    52
       Wereblood         |     1 |     3 |     2 ||     6
       Spider Form       |       |     1 |    11 ||    12
       Ice Form          |       |       |     9 ||     9
Evoke: Wand              |       |       |     2 ||     2
  Use: Potion            |     2 |     1 |     9 ||    12
       Scroll            |       |    13 |     3 ||    16
 Stab: Sleeping          |     3 |     4 |       ||     7
       Distracted        |       |     1 |     1 ||     2
Armor: Skin              |    23 |    30 |    92 ||   145
Dodge: Dodged            |    37 |   100 |   143 ||   280

Table legend: (Time is in decaauts)
 A = Elapsed time spent in this place.
 B = Non-inter-level travel time spent in this place.
 C = Inter-level travel time spent in this place.
 D = Time resting spent in this place.
 E = Time spent auto-exploring this place.
 F = Levels seen in this place.
 G = Mean time per level.
                   A        B        C        D        E       F      G
               +--------+--------+--------+--------+--------+-----+--------+
         Total |  10783 |  10499 |    284 |   4338 |   4621 |   8 | 1347.9 |
       Dungeon |  10781 |  10497 |    284 |   4338 |   4621 |   7 | 1540.1 |
        Temple |      1 |      1 |      0 |      0 |      0 |   1 |    1.0 |
               +--------+--------+--------+--------+--------+-----+--------+

Top non-repeatable levels by time:
     D:4: 2493 daAuts
     D:5: 2309 daAuts
     D:2: 1992 daAuts
     D:6: 1627 daAuts
     D:1: 1241 daAuts
     D:3: 950 daAuts
     D:7: 165 daAuts
  Temple: 1 daAuts
